 Dungeon Crawl Stone Soup version 0.19-a0-1260-gc94d3f7 (webtiles) character file.

80 hairmachine the Cudgeler (level 4, 0/35 HPs)
             Began as a Formicid Abyssal Knight on Aug 28, 2016.
             Was a Follower of Lugonu.
             Slain by an orc wizard
             ... wielding a +1 dagger of protection
              (3 damage)
             ... on level 3 of the Dungeon.
             The game lasted 00:12:07 (2734 turns).

hairmachine the Cudgeler (Formicid Abyssal Knight)  Turns: 2734, Time: 00:12:07

Health: 0/35       AC:  5    Str: 16    XL:     4   Next: 65%
Magic:  5/5        EV: 10    Int: 12    God:    Lugonu [*.....]
Gold:   54         SH:  0    Dex: 11    Spells: 0 memorised, 3 levels left

rFire  . . .     SeeInvis +     e - +1 mace (holy)
rCold  . . .     Gourm    .     g - +0 ring mail
rNeg   . . .     Faith    .     (no shield)
rPois  .         Spirit   .     (helmet unavailable)
rElec  .         Dismiss  .     (no cloak)
rCorr  .         Reflect  .     (no gloves)
MR     .....     Harm     .     (no boots)
Stlth  +.........               (no amulet)
                                (no ring)
                                (no ring)

@: no status effects
A: permanent stasis, dig shafts and tunnels, four strong arms, antennae 3, wild
magic 1
a: Dig, Shaft Self, Depart the Abyss, Renounce Religion


You were on level 3 of the Dungeon.
You worshipped Lugonu.
Lugonu was aware of your devotion.
You were not hungry.

You visited 1 branch of the dungeon, and saw 3 of its levels.
You visited the Abyss 1 time.

You collected 54 gold pieces.

Inventory:

Hand Weapons
 a - a +2 mace
 e - a +1 mace of holy wrath (weapon)
 m - a +0 hunting sling
Missiles
 n - 34 stones (quivered)
Armour
 g - a +0 ring mail (worn)
Jewellery
 f - an uncursed amulet of the gourmand {unknown}
Scrolls
 b - a scroll of teleportation {unknown}
 d - a scroll of noise
 h - a scroll of blinking {unknown}
 k - a scroll of enchant armour {unknown}
 l - a scroll of remove curse {unknown}
 p - a scroll of identify {unknown}
Potions
 o - a potion of mutation
Comestibles
 c - 2 bread rations


   Skills:
 - Level 3.2 Fighting
 + Level 4.5 Maces & Flails
 - Level 2.1 Armour
 - Level 0.8 Dodging
 - Level 2.1 Invocations


You had 3 spell levels left.
You didn't know any spells.

Dungeon Overview and Level Annotations

Branches:
Dungeon (3/15)

Altars:

Annotations:
D:2 Sigmund


Innate Abilities, Weirdness & Mutations

You are under a permanent stasis effect.
You can dig through walls and to a lower floor.
Your four strong arms can wield two-handed weapons with a shield.
You have a pair of large antennae on your head. (SInv)
Your spells are a little harder to cast, but a little more powerful.


Message History

The puff of flame hits you!
* * * LOW HITPOINT WARNING * * *
Okay, then.
Okay, then.
You closely miss the orc wizard.
The orc wizard is severely wounded.
The orc wizard gestures at you while chanting.
You are confused.
You bump into the rock wall.
The orc wizard hits you but does no damage.
You barely miss the orc wizard.
The orc wizard is severely wounded.
The orc wizard closely misses you.
You're too confused!
You bump into the rock wall.
The orc wizard barely misses you.
You barely miss the orc wizard.
The orc wizard is severely wounded.
You feel less confused.
The orc wizard hits you with a dagger of protection.
You die...

#.#
#.#
#.#
####.#
#....#
#.####
#o#
#o#
#@#
#.#
#.# #.
#(# #.
#.# #.
#.# #.
#.# #.
#.# #.
#.#


You could see an orc wizard (invisible) and an orc.

Vanquished Creatures
  Terence (D:2)
  2 adders (D:2)
  An ooze (D:1)
  A dart slug (D:1)
  2 orcs
  6 bats
  4 goblins
  3 hobgoblins
  2 jackals (D:1)
  4 kobolds (D:1)
  A giant newt (D:1)
  3 rats
30 creatures vanquished.

Notes
Turn   | Place    | Note
-------+----------+-------------------------------------------
     0 | Abyss:1  | hairmachine the Formicid Abyssal Knight began the quest for the Orb.
     0 | Abyss:1  | Reached XP level 1. HP: 18/18 MP: 2/2
    69 | D:1      | Escaped the Abyss
    74 | D:1      | Noticed a dwarf
    75 | D:1      | Noticed an elf
    77 | D:1      | Noticed a demonspawn
    79 | D:1      | Noticed a spriggan
    79 | D:1      | Noticed a gargoyle
    81 | D:1      | Noticed a felid
    81 | D:1      | Noticed a merfolk
    83 | D:1      | Noticed a human
    83 | D:1      | Noticed a vine stalker
    85 | D:1      | Noticed an octopode
    87 | D:1      | Noticed a vampire
    87 | D:1      | Noticed an ogre
    89 | D:1      | Noticed a demigod
    91 | D:1      | Noticed a halfling
    91 | D:1      | Noticed a troll
    93 | D:1      | Noticed a naga
    95 | D:1      | Noticed a minotaur
    95 | D:1      | Noticed a formicid
    97 | D:1      | Noticed a tengu
    97 | D:1      | Noticed a ghoul
    99 | D:1      | Noticed a draconian
    99 | D:1      | Noticed a centaur
   411 | D:1      | Reached XP level 2. HP: 24/24 MP: 3/3
   453 | D:1      | Reached * piety under Lugonu
   594 | D:1      | Reached skill level 3 in Maces & Flails
   889 | D:1      | Reached XP level 3. HP: 27/29 MP: 4/4
  1727 | D:2      | Reached skill level 4 in Maces & Flails
  1727 | D:2      | Reached XP level 4. HP: 33/35 MP: 5/5
  1939 | D:2      | Noticed Sigmund
  2286 | D:3      | Noticed Terence
  2308 | D:3      | Gained mutation: Your muscles are strong. (Str +2) [potion of mutation]
  2308 | D:3      | Lost mutation: Your muscles are strong. (Str +2) [potion of mutation]
  2308 | D:3      | Gained mutation: Your spells are a little harder to cast, but a little more powerful. [potion of mutation]
  2325 | D:2      | Killed Terence
  2734 | D:3      | Slain by an orc wizard

Vault maps used:
D:1:      kb_arrival_jail, minmay_misc_feat_room,
          hangedman_decor_clover_reticule
D:2:      kennysheep_big_flooded_room, uniq_sigmund
D:3:      serial_bayou_pond_e, uniq_iyjb, uniq_grinder, uniq_terence

Skill      XL: |  1  2  3 |
---------------+----------+-----
Maces & Flails | 3 4 |  4.5
Fighting       | |  3.2
Armour         | |  2.1
Dodging        | |  0.8
Invocations    | |  2.1

Action                   |  1- 3 |  4- 6 || total
-------------------------+-------+-------++-------
Melee: Mace              |    91 |    43 ||   134
 Fire: Hunting sling     |     1 |     1 ||     2
Invok: Depart the Abyss  |     1 |       ||     1
 Abil: Dig               |     1 |     1 ||     2
  Use: Potion            |     3 |     4 ||     7
       Scroll            |       |     2 ||     2
  Eat: Chunk             |     3 |       ||     3
       Meat ration       |       |     1 ||     1
Armor: Leather armour    |    60 |     1 ||    61
       Skin              |     5 |       ||     5
       Ring mail         |       |     5 ||     5
Dodge: Dodged            |    74 |    19 ||    93
